 Dungeon Sprint DCSS version 0.25-a0-934-g041635d5d1 (webtiles) character file.

Game seed: 4298823684234937561, levelgen mode: deterministic

3331 Conn the Thaumaturge (level 10, -6/54 HPs)
             Began as an Octopode Wizard on May 4, 2020.
             Was a High Priest of Sif Muna.
             Mangled by an orc warrior
             ... wielding a +0 mace
              (8 damage)
             ... in the Dungeon (Sprint III: "The Ten Rune Challenge").
             The game lasted 00:34:30 (2398 turns).

Conn the Thaumaturge (Octopode Wizard)              Turns: 2398, Time: 00:34:30

Health: -6/54      AC:  2    Str:  6    XL:     10   Next: 2%
Magic:  2/26       EV: 14    Int: 24    God:    Sif Muna [*****.]
Gold:   14         SH:  0    Dex: 11    Spells: 19/34 levels left

rFire    + . .     SeeInvis .   g - +3 quarterstaff (chaos)
rCold    . . .     Gourm    .   (shield currently unavailable)
rNeg     . . .     Faith    .   a - +0 hat
rPois    .         Spirit   .   (no amulet)
rElec    .         Reflect  .   (no ring)
rCorr    .         Harm     .   (no ring)
MR       .....     NoTele   +   (no ring)
Stlth    ++++......             (no ring)
HPRegen  0.18/turn              (no ring)
MPRegen  0.20/turn              (no ring)
                                (no ring)
                                (no ring)

@: very slightly contaminated
A: almost no armour, stealthy swim, amphibious, 8 rings, constrict 8, camouflage
1, fire resistance 1, frail 1, shaggy fur 1, wild magic 1, gelatinous body 1
a: Channel Magic, Forget Spell, Divine Exegesis, Renounce Religion


You were in the Dungeon.
You worshipped Sif Muna.
Sif Muna was extremely pleased with you.
You were not hungry.

You visited 1 branch You collected 14 gold pieces.

Inventory:

Hand Weapons
 f - a +1 long sword of holy wrath
 g - a +3 quarterstaff of chaos (weapon)
 n - a +0 dagger
Armour
 a - a +0 hat (worn)
Scrolls
 j - 2 scrolls of immolation
 k - 4 scrolls of identify
 l - a scroll of remove curse
Potions
 h - 5 potions of mutation
 m - 4 potions of flight
Miscellaneous
 b - a phial of floods
Comestibles
 c - 5 rations
 p - 5 chunks of flesh


   Skills:
 + Level 1.9 Fighting
 + Level 5.0 Staves
 + Level 4.2 Dodging
 + Level 6.6 Stealth
 + Level 12.8 Spellcasting
 * Level 10.2 Conjurations
 + Level 7.5 Summonings
 + Level 4.4 Translocations
 + Level 2.4 Transmutations
 + Level 2.1 Fire Magic
 + Level 4.8 Air Magic
 + Level 2.3 Earth Magic
 + Level 5.9 Poison Magic
 + Level 3.5 Evocations


You had 19 spell levels left.
You knew the following spells:

 Your Spells              Type           Power        Failure   Level  Hunger
a - Magic Dart            Conj           ####         1%          1    None
b - Blink                 Tloc           N/A          1%          2    None
c - Call Imp              Summ           ######..     1%          2    None
d - Conjure Flame         Conj/Fire      ######..     1%          3    None
e - Mephitic Cloud        Conj/Pois/Air  ######..     1%          3    None
f - Petrify               Tmut/Erth      ####....     21%         4    None

Your spell library contained the following spells:

 Spells                   Type           Power        Failure   Level  Hunger
 Gell's Gravitas          Tloc           #####.....   3%          3    None
 Slow                     Hex            ###.....     10%         2    None
 Confusing Touch          Hex            ###.....     17%         3    None
 Yara's Violent Unravell  Hex/Tmut       ####......   63%         5    ###....
 Metabolic Englaciation   Hex/Ice        ###.......   80%         5    ###....


Dungeon Overview and Level Annotations

Branches:
Dungeon (1/1)

Altars:
Cheibriados
Dithmenos
Elyvilon
Fedhas
Gozag
Hepliaklqana
Kikubaaqudgha
Makhleb
Nemelex Xobeh
Okawaru
Qazlal
Ru
Sif Muna
Trog
Uskayaw
Vehumet
Wu Jian
Xom
Yredelemnul
Zin
The Shining One
Beogh
Jiyva
Lugonu

Shops:
D =

Annotations:
D Erolcha


Innate Abilities, Weirdness & Mutations

You cannot wear most types of armour.
You are very stealthy in the water. (Stealth+)
You are amphibious.
You can wear up to eight rings at the same time.
You can use your tentacles to constrict eight enemies at once.
Your skin changes colour to match your surroundings (Stealth+).
Your rubbery body absorbs attacks. (AC +1, EV +1)
Your flesh is heat resistant. (rF+)
You are frail. (-10% HP)
You are covered in fur. (AC +1)
Your spells are a little harder to cast, but a little more powerful.


Message History

You blink.
Okay, then.
Okay, then.
The orc warrior laughs crazily.
You see here 15 gold pieces.
Okay, then.
As you read the scroll labeled GOFAJ TOIFUMETSOWK, it crumbles to dust.
You feel blessed for a moment.
It was a scroll of remove curse.
You fail to use your ability.
You fail to use your ability.
The orc warrior looks very confused.
Okay, then.
The orc warrior laughs crazily.
You see here 11 gold pieces.
You fail to use your ability.
The orc warrior mumbles something.
You fail to use your ability.
The orc warrior shouts, "What's happening?!"
The orc warrior hits you with a +0 mace!
You die...

▓▓▓ ▓▓▓ ▓ ♣.##############@#
.#.#
♣.#___#___#__##o####....+
..#...#__)#._#.$.:.....#
♣.###'#'###'##...)....#.#
..#..........#.$)†....#
♣...⌠.)......#)$###.∩#.$#
.5#...######'#.$# #...##
..#.⌠.#__#.).#)##############
..#...#__#...#).:[#)#.#.....#


You could see an orc warrior (confused).

Vanquished Creatures
  2 orc high priests (D)
  A deep elf mage (D)
  2 redbacks (D)
  A shadow (D)
  2 humans (D)
  A spatial vortex (D)
  An orc warrior (D)
  A necrophage (D)
  5 two-headed ogres (D)
  A jelly (D)
  2 orc wizards (D)
  3 orc priests (D)
  Jessica (D)
  A wizard (D)
  A kobold demonologist (D)
  An ooze (D)
  6 orcs (D)
  A rat (D)
33 creatures vanquished.

Vanquished Creatures (collateral kills)
  A water elemental (D)
  Crazy Yiuf (D)
  A necromancer (D)
  A human (D)
  An orc (D)
5 creatures vanquished.

Vanquished Creatures (others)
  2 draconian scorchers (D)
  6 hellions (D)
  A yaktaur (D)
9 creatures vanquished.

Grand Total: 47 creatures vanquished

Notes
Turn   | Place    | Note
-------+----------+-------------------------------------------
     0 | D        | Conn the Octopode Wizard began the quest for the Orb.
     0 | D        | Reached XP level 1. HP: 11/11 MP: 4/4
    90 | D        | Killed a hellion
    91 | D        | Killed a hellion
    91 | D        | Killed a hellion
    92 | D        | Killed a hellion
    95 | D        | Noticed Jessica
    96 | D        | Killed a yaktaur
   100 | D        | Killed Jessica
   100 | D        | Reached skill level 5 in Spellcasting
   100 | D        | Reached XP level 2. HP: 17/17 MP: 5/8
   100 | D        | Reached XP level 3. HP: 21/21 MP: 6/10
   118 | D        | Learned a level 2 spell: Blink
   121 | D        | Learned a level 2 spell: Call Imp
   125 | D        | Learned a level 3 spell: Conjure Flame
   129 | D        | Learned a level 3 spell: Mephitic Cloud
   138 | D        | Noticed Crazy Yiuf
   182 | D        | Killed a hellion
   182 | D        | Killed Crazy Yiuf
   182 | D        | Reached skill level 6 in Spellcasting
   182 | D        | Reached XP level 4. HP: 27/27 MP: 0/12
   211 | D        | Killed a white draconian scorcher
   255 | D        | Killed a hellion
   286 | D        | Noticed a water elemental
   293 | D        | Killed a white draconian scorcher
   296 | D        | Killed a water elemental
   296 | D        | Reached skill level 7 in Spellcasting
   374 | D        | Found a radiant altar of Vehumet.
   374 | D        | Found a shimmering blue altar of Sif Muna.
   374 | D        | Found an ancient bone altar of Kikubaaqudgha.
   374 | D        | Noticed a wizard
   378 | D        | Killed a wizard
   378 | D        | Reached XP level 5. HP: 31/31 MP: 4/15
   396 | D        | Became a worshipper of Sif Muna the Loreminder
   492 | D        | Learned a level 4 spell: Petrify
   496 | D        | Found a hide-covered altar of Uskayaw.
   496 | D        | Found a roughly hewn altar of Beogh.
   496 | D        | Found an iron altar of Okawaru.
   496 | D        | Found a bloodstained altar of Trog.
   496 | D        | Found an ornate altar of the Wu Jian Council.
   496 | D        | Noticed a human
   496 | D        | Noticed a human
   523 | D        | Gained mutation: You evolve. [potion of mutation]
   523 | D        | Gained mutation: Your flesh is heat resistant. (rF+)
                  | [potion of mutation]
   523 | D        | Gained mutation: Your spells are a little harder to cast,
                  | but a little more powerful. [potion of mutation]
   646 | D        | Noticed a deep elf mage
   648 | D        | Noticed a fire elemental
   803 | D        | Killed a human
   803 | D        | Reached skill level 8 in Spellcasting
   803 | D        | Reached skill level 1 in Air Magic
   803 | D        | Reached skill level 1 in Poison Magic
   803 | D        | Reached XP level 6. HP: 36/36 MP: 7/17
  1038 | D        | Killed a human
  1038 | D        | Reached skill level 1 in Staves
  1038 | D        | Reached skill level 9 in Spellcasting
  1038 | D        | Reached skill level 5 in Summonings
  1197 | D        | Killed a deep elf mage
  1197 | D        | Reached * piety under Sif Muna
  1197 | D        | Reached skill level 1 in Fighting
  1197 | D        | Reached skill level 10 in Spellcasting
  1197 | D        | Reached XP level 7. HP: 38/43 MP: 8/20
  1205 | D        | Found a glowing silver altar of Zin.
  1212 | D        | Found a glowing golden altar of the Shining One.
  1215 | D        | Found a white marble altar of Elyvilon.
  1263 | D        | Found a basalt altar of Yredelemnul.
  1263 | D        | Found a shadowy altar of Dithmenos.
  1263 | D        | Found a sacrificial altar of Ru.
  1393 | D        | Noticed a shadow
  1432 | D        | Killed a shadow
  1432 | D        | Reached ** piety under Sif Muna
  1432 | D        | Reached XP level 8. HP: 18/48 MP: 2/22
  1616 | D        | Gained mutation: You are frail. (-10% HP) [evolution]
  1652 | D        | Found a blossoming altar of Fedhas.
  1652 | D        | Found a stormy altar of Qazlal.
  1652 | D        | Found a snail-covered altar of Cheibriados.
  1652 | D        | Found a burning altar of Makhleb.
  1652 | D        | Found a shimmering altar of Xom.
  1653 | D        | Found a hazy altar of Hepliaklqana.
  1653 | D        | Found an opulent altar of Gozag.
  1653 | D        | Found a sparkling altar of Nemelex Xobeh.
  1653 | D        | Found a corrupted altar of Lugonu.
  1653 | D        | Found a viscous altar of Jiyva.
  1658 | D        | Reached skill level 11 in Spellcasting
  1696 | D        | Reached *** piety under Sif Muna
  1828 | D        | Noticed a two-headed ogre
  1881 | D        | Killed a two-headed ogre
  1881 | D        | Reached skill level 1 in Fire Magic
  2018 | D        | Noticed a redback
  2018 | D        | Noticed Erolcha
  2018 | D        | Noticed a two-headed ogre
  2020 | D        | Noticed a redback
  2025 | D        | Killed a redback
  2025 | D        | Reached skill level 1 in Evocations
  2027 | D        | Killed a redback
  2027 | D        | Reached **** piety under Sif Muna
  2027 | D        | Reached XP level 9. HP: 47/47 MP: 12/24
  2245 | D        | Killed a two-headed ogre
  2245 | D        | Reached skill level 5 in Stealth
  2245 | D        | Reached skill level 12 in Spellcasting
  2283 | D        | Gained mutation: You are covered in fur. (AC +1)
                  | [evolution]
  2283 | D        | Lost mutation: You evolve. [end of evolution]
  2333 | D        | Reached ***** piety under Sif Muna
  2338 | D        | Noticed an orc high priest
  2345 | D        | Identified Sif Muna's Collected Works on the Feathery
                  | Arsonist (Sif Muna gifted it to you in the Dungeon)
  2345 | D        | Received a gift from Sif Muna
  2345 | D        | Reached skill level 5 in Poison Magic
  2348 | D        | Noticed an orc high priest
  2354 | D        | Killed an orc high priest
  2358 | D        | Killed an orc high priest
  2358 | D        | Reached skill level 10 in Conjurations
  2358 | D        | Reached XP level 10. HP: 23/54 MP: 11/26
  2367 | D        | Reached skill level 5 in Staves
  2377 | D        | HP: 2/54 [orc priest/nerve-wracking pain (12)]
  2384 | D        | Noticed an orc high priest
  2386 | D        | Found Gionohen's Jewellery Emporium.
  2389 | D        | HP: 1/54 [orc/+0 hand axe (6)]
  2390 | D        | Identified Mockees's Almanac of Lightness and Calling (Sif
                  | Muna gifted it to you in the Dungeon)
  2390 | D        | Received a gift from Sif Muna
  2398 | D        | Mangled by an orc warrior

Levels and vault maps discovered:
D:        dungeon_sprint_mu [sprint_mu_entry_forest, sprint_mu_temple_rooms,
          sprint_mu_d1_spiders, sprint_mu_d2_genie, sprint_mu_d3_branching,
          sprint_mu_orc_legion, sprint_mu_elf_gauntlet, sprint_mu_hive_nellie,
          sprint_mu_lair_fedhas, sprint_mu_vaults_butterflies,
          sprint_mu_slime_circle, sprint_mu_shoals_archi,
          sprint_mu_snake_twists, sprint_mu_blade_basic, sprint_mu_crypt_lich,
          sprint_mu_tomb_spiral, sprint_mu_vestibule_basic,
          sprint_mu_gehenna_hellfire, sprint_mu_dis_giant,
          sprint_mu_tartarus_statrot, sprint_mu_cocytus_islands, sprint_mu_zot1]

Skill      XL: |  1  2  3  4  5  6  7  8  9 10 |
---------------+-------------------------------+-----
Stealth        | 3 4 6 |  6.6
Dodging        | 3 4 |  4.2
Spellcasting   | 5 6 7 8 10 11 12 | 12.8
Conjurations   | 2 3 6 8 10 | 10.2
Summonings     | 2 4 6 7 |  7.5
Transmutations | 2 |  2.4
Air Magic      | 1 2 3 4 |  4.8
Earth Magic    | 2 |  2.3
Poison Magic   | 1 3 4 5 |  5.9
Staves         | 2 3 4 5 |  5.0
Fighting       | 1 |  1.9
Translocations | 2 4 |  4.4
Fire Magic     | 1 2 |  2.1
Evocations     | 1 3 |  3.5

Action                   |  1- 3 |  4- 6 |  7- 9 | 10-12 || total
-------------------------+-------+-------+-------+-------++-------
Melee: Unarmed           |     2 |     1 |       |       ||     3
       Constrict         |     1 |     4 |     3 |     4 ||    12
       Quarterstaff      |       |    12 |    21 |    11 ||    44
       Tentacles         |       |     3 |     3 |     1 ||     7
 Cast: Magic Dart        |    17 |    27 |    33 |       ||    77
       Call Imp          |     7 |    20 |    10 |       ||    37
       Blink             |     2 |       |    13 |     4 ||    19
       Mephitic Cloud    |     1 |     7 |    18 |     3 ||    29
       Conjure Flame     |       |       |     9 |       ||     9
Evoke: Wand              |       |       |     6 |       ||     6
       Phial of floods   |       |       |     2 |       ||     2
  Use: Potion            |     4 |     2 |       |     2 ||     8
       Scroll            |       |       |     1 |     2 ||     3
 Stab: Sleeping          |       |       |     1 |       ||     1
       Confused          |       |       |     2 |     1 ||     3
  Eat: Chunk             |       |       |     4 |       ||     4
Dodge: Dodged            |     3 |     4 |    18 |     6 ||    31

Table legend:
 A = Non-vault XP
 B = Vault XP
 C = Vault XP percentage of total XP
 D = Non-vault monster count
 E = Vault monster count
 F = Vault count percentage of total count
                 A         B        C        D         E       F
            +---------+---------+-------+---------+---------+-------
      Total |       0 |    4759 | 100.0 |       0 |      38 | 100.0
            +---------+---------+-------+---------+---------+-------
          D |       0 |    4759 | 100.0 |       0 |      38 | 100.0
            +---------+---------+-------+---------+---------+-------
